 Dungeon Crawl Stone Soup version 0.17.1-3-g152610e (webtiles) character file.

105 HEYYEYAAE the Changer (level 4, 0/23 HPs)
             Began as a Spriggan Transmuter on Mar 2, 2016.
             Slain by Grinder (5 damage)
             ... on level 3 of the Dungeon.
             The game lasted 00:03:23 (2175 turns).

HEYYEYAAE the Changer (Spriggan Transmuter)         Turns: 2175, Time: 00:03:23

Health: 0/23       AC:  6    Str: 12    XL:     4   Next: 53%
Magic:  10/10      EV: 19    Int: 14    God:
Gold:   169        SH:  0    Dex: 16    Spells: 3 memorised, 3 levels left

rFire  . . .     SeeInvis +     r - +4 quarterstaff (chaos)
rCold  . . .     Clarity  .     q - +0 robe (curse)
rNeg   . . .     SustAt   .     (shield currently unavailable)
rPois  .         Gourm    .     (helmet restricted)
rElec  .         Spirit   .     s - +0 cloak
rCorr  .         Warding  .     (gloves unavailable)
rMut   .         Stasis   .     (boots unavailable)
MR     .....                    (no amulet)
Stlth  +.........               n - ring of wizardry
                                e - +3 ring of protection

@: mighty, very quick, not resistant to hostile enchantments, very unstealthy
A: unfitting armour, see invisible, herbivore 3, speed 3, slow metabolism 2
a: no special abilities


You were on level 3 of the Dungeon.
You were not hungry.

You visited 1 branch of the dungeon, and saw 3 of its levels.

You collected 169 gold pieces.

Inventory:

Hand Weapons
 r - a +4 quarterstaff of chaos (weapon)
Armour
 q - a cursed +0 robe (worn)
 s - a +0 cloak (worn)
Jewellery
 e - a +3 ring of protection (left hand)
 n - a ring of wizardry (right hand)
 o - an uncursed ring of protection from cold
Scrolls
 b - 2 scrolls of remove curse {unknown}
 f - 3 scrolls of enchant weapon {unknown}
 g - 5 scrolls of identify {unknown}
 j - 2 scrolls of amnesia {unknown}
 m - 2 scrolls of enchant armour {unknown}
 p - a scroll of teleportation {unknown}
 t - a scroll of recharging {unknown}
Potions
 h - a potion of might
 i - a potion of brilliance {unknown}
 l - 2 potions of curing {unknown}
 u - a potion of mutation {unknown}
Books
 c - a book of Changes

   Spells                             Type                      Level
   a - Beastly Appendage              Transmutation                1
   b - Sticks to Snakes               Transmutation                2
   c - Spider Form                    Transmutation/Poison         3
   d - Ice Form                       Ice/Transmutation            4
   e - Blade Hands                    Transmutation                5
Comestibles
 d - 2 bread rations
 k - a royal jelly


   Skills:
 * Level 1.8 Fighting
 + Level 0.7 Armour
 + Level 3.7 Dodging
 + Level 2.7 Unarmed Combat
 + Level 3.4 Spellcasting
 + Level 3.8 Transmutations


You had 3 spell levels left.
You knew the following spells:

 Your Spells              Type           Power        Failure   Level  Hunger
a - Beastly Appendage     Trmt           ##....       1%          1    #......
b - Sticks to Snakes      Trmt           ##........   4%          2    ##.....
c - Spider Form           Trmt/Pois      #.........   12%         3    ###....


Dungeon Overview and Level Annotations

Branches:
Dungeon (3/15)

Altars:

Annotations:
D:3 Grinder


Innate Abilities, Weirdness & Mutations

You are tiny and cannot use many weapons and most armour.
You have supernaturally acute eyesight.
You are a herbivore.
You cover ground extremely quickly.
You need consume almost no food.


Message History

You strike the helpless Grinder from a blind spot!
You sock Grinder!
Grinder is moderately wounded.
Grinder zaps a wand.
You easily resist.
It is a wand of enslavement.
You completely miss Grinder.
Grinder is moderately wounded.
Grinder closely misses you.
You hit Grinder.
Grinder is moderately wounded.
Grinder gestures at you. Pain shoots through your body!
Grinder gestures at you. You resist with some effort.
Drink which item? (? for menu, Esc to quit)
It was a potion of might.
You feel very mighty all of a sudden. Grinder hits you.
* * * LOW HITPOINT WARNING * * *
You writhe in agony.
You die...

#.# #.# #.#
#.########
#........#
#.######.# #.# #.#
..###.######.#######
..........##....@5.#
..###.###.########.#
.####)# #.# #.#
...†.†# #.# ######.#
#####.###.# #......#
#.....# #.######
#...### #.# #.#.#
#.# #.#.# #.#


You could see Grinder.

Vanquished Creatures
  Terence (D:3)
  An adder (D:2)
  A gnoll (D:1)
  5 bats
  3 giant cockroaches
  6 hobgoblins
  10 jackals
  A giant gecko (D:2)
  2 giant newts
  7 goblins
  2 kobolds
  5 rats
44 creatures vanquished.

Vanquished Creatures (collateral kills)
  Crazy Yiuf (D:2)
  A worm (D:2)
  A goblin (D:2)
  A jackal (D:2)
4 creatures vanquished.

Grand Total: 48 creatures vanquished

Notes
Turn   | Place    | Note
--------------------------------------------------------------
     0 | D:1      | HEYYEYAAE the Spriggan Transmuter began the quest for the Orb.
     0 | D:1      | Reached XP level 1. HP: 9/9 MP: 5/5
    59 | D:1      | Reached skill level 1 in Fighting
    64 | D:1      | Reached XP level 2. HP: 11/14 MP: 6/6
    71 | D:1      | Learned a level 2 spell: Sticks to Snakes
   398 | D:1      | Reached XP level 3. HP: 14/18 MP: 8/8
   403 | D:1      | Learned a level 3 spell: Spider Form
  1482 | D:2      | Noticed Crazy Yiuf
  1504 | D:2      | Killed Crazy Yiuf
  1752 | D:2      | Reached XP level 4. HP: 20/22 MP: 9/9
  1965 | D:3      | Noticed Terence
  1970 | D:3      | Killed Terence
  2054 | D:3      | Noticed Grinder
  2175 | D:3      | Slain by Grinder

Action                   |  1- 3 |  4- 6 || total
-------------------------+-------+-------++-------
Melee: Unarmed           |    95 |       ||    95
       Quarterstaff      |     7 |    24 ||    31
 Cast: Beastly Appendage |    11 |       ||    11
       Sticks to Snakes  |    10 |     2 ||    12
  Use: Potion            |       |     1 ||     1
 Stab: Sleeping          |     1 |       ||     1
       Distracted        |       |     1 ||     1
